 Dungeon Crawl Stone Soup version 0.28-a0-794-gafe8c5f9e9 (webtiles) character file.

Game seed: 5311989116212409815

178022 spiderkeys the Spry (level 18, -1/120 HPs)
             Began as a Tengu Abyssal Knight on Nov 6, 2021.
             Was the Champion of Lugonu.
             Hit by a javelin thrown by a merfolk javelineer (20 damage)
             ... on level 4 of the Shoals.
             The game lasted 01:16:57 (26987 turns).

spiderkeys the Spry (Tengu Abyssal Knight)         Turns: 26987, Time: 01:16:58

Health: -1/120     AC: 16    Str: 20    XL:     18   Next: 18%
Magic:  5/27       EV: 18    Int: 25    God:    Lugonu [******]
Gold:   2004       SH: 11    Dex:  9    Spells: 13/27 levels left

rFire   + + .      SeeInvis .   Q - +8 demon trident (distort)
rCold   . . .      Faith    .   L - +2 kite shield
rNeg    . . .      Spirit   .   B - +4 troll leather armour
rPois   .          Reflect  .   (helmet restricted)
rElec   .          Harm     .   f - +2 cloak
rCorr   .          Rampage  .   n - +2 pair of gloves {Stlth+}
Will    .....                   (boots unavailable)
Stlth   +++.......              g - amulet of regeneration
HPRegen 3.30/turn               T - ring "Puagiakh" {+Blink rF++ Will- AC+4 Stlth+}
MPRegen 0.20/turn               F - ring of Nairich {Wiz Int+10 Dex-5}

@: about to teleport, spiked, flying quickly and evasively, quick
A: beak, talons 3, nimble flight, horns 1, deformed body, regeneration 1, strong
1
a: Renounce Religion, Evoke Blink, Depart the Abyss, Bend Space, Banish,
Corrupt, Enter the Abyss


You were on level 4 of the Shoals.
You worshipped Lugonu.
Lugonu was exalted by your worship.
You visited 6 branches of the dungeon, and saw 29 of its levels.
You visited the Abyss 5 times.
You also visited: Ice Cave and Volcano.

You collected 2737 gold pieces.
You spent 733 gold pieces at shops.


Innate Abilities, Weirdness & Mutations

You have a beak for a mouth.
You have claws for feet.
Your magical nature lets you fly swiftly and evasively.
You have a pair of small horns on your head.
Armour fits poorly on your strangely shaped body.
Your natural rate of healing is unusually fast.
Your muscles are strong. (Str +2)


   Skills:
 + Level 15.9 Fighting
 - Level 14.0 Polearms
 - Level 2.6 Armour
 + Level 17.0 Dodging
 + Level 8.3 Shields
 - Level 5.0 Spellcasting
 - Level 7.0 Conjurations
 + Level 7.9 Necromancy
 - Level 11.3 Air Magic
 - Level 10.7 Invocations
 - Level 8.0 Evocations


You had 13 spell levels left.
You knew the following spells:

 Your Spells              Type           Power      Damage    Failure   Level
a - Airstrike             Air            29%        N/A       1%          4
d - Animate Dead          Necr           22%        N/A       3%          4
n - Dispel Undead         Necr           45%        3d17      3%          4
t - Static Discharge      Conj/Air       51%        N/A       1%          2

Your spell library contained the following spells:

 Spells                   Type           Power      Damage    Failure   Level
 Pain                     Necr           100%       1d9       1%          1
 Shock                    Conj/Air       100%       1d9       1%          1
 Swiftness                Air            58%        N/A       1%          3
 Foxfire                  Conj/Fire      92%        2x1d8     2%          1
 Conjure Flame            Conj/Fire      23%        6-21      6%          3
 Stone Arrow              Conj/Erth      46%        3d9       6%          3
 Apportation              Tloc           12%        N/A       9%          1
 Slow                     Hex            24%        N/A       9%          1
 Agony                    Necr           45%        N/A       10%         5
 Excruciating Wounds      Necr           22%        N/A       10%         5
 Blink                    Tloc           12%        N/A       14%         2
 Passwall                 Tmut/Erth      5%         N/A       14%         2
 Scorch                   Fire           12%        2d5       14%         2
 Flame Wave               Conj/Fire      23%        3d6       21%         4
 Hailstorm                Conj/Ice       23%        3d7       21%         4
 Sticky Flame             Conj/Fire      23%        2d4       21%         4
 Confusing Touch          Hex            6%         N/A       26%         3
 Frozen Ramparts          Ice            12%        1d3       26%         3
 Inner Flame              Hex/Fire       6%         N/A       26%         3
 Ozocubu's Armour         Ice            6%         N/A       26%         3
 Borgnjor's Vile Clutch   Necr/Erth      13%        N/A       43%         5
 Death Channel            Necr           22%        N/A       45%         6
 Animate Armour           Summ/Erth      12%        N/A       63%         4
 Ice Form                 Ice/Tmut       6%         N/A       63%         4
 Olgreb's Toxic Radiance  Pois           6%         N/A       63%         4
 Summon Ice Beast         Ice/Summ       6%         N/A       63%         4
 Alistair's Intoxication  Tmut/Pois      4%         N/A       91%         5
 Manifold Assault         Tloc           6%         N/A       91%         5
 Summon Mana Viper        Hex/Summ       6%         N/A       91%         5
 Yara's Violent Unravell  Hex/Tmut       3%         3d4       91%         5
 Simulacrum               Ice/Necr       13%        N/A       93%         6
 Storm Form               Tmut/Air       17%        N/A       99%         7
 Invisibility             Hex            3%         N/A       100%        6
 Summon Cactus Giant      Summ           3%         N/A       100%        6
 Monstrous Menagerie      Summ           3%         N/A       100%        7
 Ozocubu's Refrigeration  Ice            3%         4d5       100%        7

Inventory:

Hand Weapons
 K - the +8 quarterstaff of the Ageing Bear {venom, rElec}
   (You found it on level 12 of the Dungeon)

   It poisons the flesh of those it strikes.
   rElec:     It insulates you from electricity.
 Q - a +8 demon trident of distortion (weapon)
   (You took it off Urug on level 13 of the Dungeon)
 X - the +8 broad axe "Qushay" {freeze, rN+ Will++ rCorr}
   (You found it on level 2 of the Lair of Beasts)

   It freezes those it strikes, dealing additional cold damage.
   It can also slow down cold-blooded creatures.
   rN:        It protects you from negative energy.
   rCorr:     It protects you from acid and corrosion.
   Will:      It greatly increases your willpower.
Missiles
 t - 71 poisoned darts
 C - 8 stones
 O - 51 sling bullets
 P - 11 javelins
 Z - 2 silver boomerangs
Armour
 f - a +2 cloak (worn)
   (You found it on level 2 of the Abyss)
 n - a +2 pair of gloves of stealth (worn)
   (You bought it in a shop on level 2 of the Orcish Mines)
 u - the +5 ice dragon scales of Zeduocac {Rampage rF- rC++ Str-3 Int+5}
   (You found it in an ice cave)

   Str:       It affects your strength (-3).
   Int:       It affects your intelligence (+5).
   rF:        It makes you vulnerable to fire.
   rC:        It greatly protects you from cold.
   Rampage:   It bestows one free step when moving towards enemies.
 B - a +4 troll leather armour (worn)
   (You found it on level 9 of the Dungeon)
 L - a +2 kite shield (worn)
   (You took it off a tengu warrior on level 15 of the Dungeon)
 W - a +3 leather armour of fire resistance
   (You found it in a volcano)
Jewellery
 g - an amulet of regeneration (around neck)
   (You found it on level 8 of the Dungeon)
 y - the ring "Subutire" {Drain rC+ rCorr Str+2}
   (You found it in an ice cave)

   [ring of protection from cold]

   Str:       It affects your strength (+2).
   rC:        It protects you from cold.
   rCorr:     It protects you from acid and corrosion.
   Drain:     It drains your maximum health when unequipped.
 A - an amulet of the acrobat
   (You found it on level 3 of the Lair of Beasts)
 E - a +4 ring of evasion
   (You found it on level 11 of the Dungeon)
 F - the ring of Nairich (right hand) {Wiz Int+10 Dex-5}
   (You found it in an ice cave)

   [ring of wizardry]

   It improves your spell success rate.
   Int:       It affects your intelligence (+10).
   Dex:       It affects your dexterity (-5).
 T - the ring "Puagiakh" (left hand) {+Blink rF++ Will- AC+4 Stlth+}
   (You found it on level 5 of the Lair of Beasts)

   [ring of protection]

   AC:        It affects your AC (+4).
   rF:        It greatly protects you from fire.
   +Blink:    It lets you blink.
   Will:      It decreases your willpower.
   Stlth:     It makes you more stealthy.
 V - the ring "Jiciott" {Will+ MP+9}
   (You found it in an ice cave)

   [ring of magical power]

   MP:        It affects your magic capacity (+9).
   Will:      It increases your willpower.
Wands
 b - a wand of flame (39)
   (You found it on level 9 of the Dungeon)
 h - a wand of paralysis (12)
   (You found it on level 3 of the Lair of Beasts)
 q - a wand of charming (5)
   (You found it on level 3 of the Shoals)
 r - a wand of digging (6)
   (You found it on level 8 of the Dungeon)
 D - a wand of iceblast (26)
   (You found it on level 2 of the Abyss)
 H - a wand of polymorph (16)
   (You took it off a kobold on level 10 of the Dungeon)
 I - a wand of acid (6)
   (You found it on level 12 of the Dungeon)
 S - a wand of mindburst (24)
   (You found it on level 14 of the Dungeon)
Scrolls
 a - a scroll of vulnerability {!r!r}
 d - 9 scrolls of amnesia
 o - 5 scrolls of teleportation {@r4}
 p - 6 scrolls of fear
 w - a scroll of enchant armour
 z - 2 scrolls of torment {!r}
 G - a scroll of identify {@r1}
 R - 3 scrolls of immolation {!r!r}
Potions
 c - 4 potions of degeneration {!q}
 e - 6 potions of lignification {!q}
 k - 3 potions of attraction {!q}
 m - 4 potions of cancellation
 s - 5 potions of brilliance
 v - 3 potions of haste {@q3}
 x - 3 potions of ambrosia
 J - 2 potions of might
 U - 4 potions of magic
 Y - 2 potions of resistance
Miscellaneous
 i - a box of beasts
   (You found it on level 6 of the Lair of Beasts)
 j - a phantom mirror (inert)
   (You found it on level 9 of the Dungeon)
 l - a lightning rod (4/4)
   (You found it on level 2 of the Shoals)
 N - a phial of floods
   (You found it on level 12 of the Dungeon)

Dungeon Overview and Level Annotations

Branches:
Dungeon (15/15)            Temple (1/1) D:7            Lair (6/6) D:9
 Shoals (4/4) Lair:4        Snake (1/4) Lair:4        Slime (0/5) Lair:6
    Orc (2/2) D:12            Elf (0/3) Orc:2        Vaults (0/5) D:14
 Depths (0/4) D:15          IceCv (visited)         Volcano (visited)

Altars:
Ashenzari
Cheibriados
Elyvilon
Hepliaklqana
Makhleb
Nemelex Xobeh
Trog
Xom
Zin
Beogh

Shops:
D:2 *   D:4 (   Orc:2 :(*[   Shoals:1 :

Annotations:
D:13 2 transporters, porpoise's ghost, journeyman DECj
Abyss:1 Louise; Nessos; Rupert; Snorg

#≈.......# ........##
... ........[# m..
........## ....
........## .....
.........## ##..m.≈
.......H..#######....≈#
..........##≈..#.....t#
≈≈≈...[.......m.@...#
≈≈≈≈≈............m.≈##
≈≈≈≈≈≈..##....m.m.P≈≈#
≈≈≈≈≈...##....P.[P.≈≈#
≈≈≈≈≈≈...#....§..P.≈##
≈≈≈≈≈........)......#
≈≈≈......H.....)...###
≈≈.P..P.............#
...P.P...........≈#


You could see an alligator snapping turtle, 3 merfolk impalers, a merfolk
javelineer, a merfolk aquamancer, a manticore and a merfolk siren.


Message History

A starcursed mass splits.
Your elephant zombie tramples the red very ugly thing.
The red very ugly thing stumbles backwards!
The red very ugly thing gores your merfolk avatar zombie!
Your merfolk avatar zombie is covered in liquid flames.
Your merfolk avatar zombie is covered in liquid flames!
A starcursed mass splits.
Reach: Q) +8 demon trident (distort)
Press: ? - help, Dir - move target, f/p - red very ugly thing
Aim: a red very ugly thing (severely wounded, ally target, about 26% to evade your +8 demon trident of distortion)
You could not reach far enough!
Your merfolk avatar zombie burns!
A starcursed mass comes into view.
Your merfolk avatar zombie hits the red very ugly thing!
The red very ugly thing gores your merfolk avatar zombie!
Your elephant zombie tramples the red very ugly thing.
The red very ugly thing stumbles backwards!
Your merfolk avatar zombie burns!
The snapping turtle bites your elephant zombie!
A large abomination comes into view.
The red very ugly thing completely misses your elephant zombie.
Things that are here:
a +0 giant spiked club of distortion; a +0 giant spiked club of chaos Reach: Q) +8 demon trident (distort)
Press: ? - help, Dir - move target, f/p - red very ugly thing
Aim: a red very ugly thing (severely wounded, ally target, about 26% to evade your +8 demon trident of distortion)
You could not reach far enough!
Your merfolk avatar zombie burns!
Your elephant zombie tramples the snapping turtle but does no damage.
Your elephant zombie closely misses the snapping turtle.
The snapping turtle bites your elephant zombie!
A starcursed mass splits.
Reach: Q) +8 demon trident (distort)
Press: ? - help, Dir - move target, f/p - red very ugly thing
Aim: a red very ugly thing (severely wounded, ally target, about 26% to evade your +8 demon trident of distortion)
You could not reach far enough!
Your merfolk avatar zombie burns!
The red very ugly thing gores your elephant zombie!
Your elephant zombie is destroyed!
Your merfolk avatar zombie barely misses the red very ugly thing.
A starcursed mass splits.
The red very ugly thing gores your merfolk avatar zombie! 😎 MP[+1]
A nagaraja skeleton comes into view.
Your merfolk avatar zombie burns!
A starcursed mass splits.
The snapping turtle bites your merfolk avatar zombie!!
Your merfolk avatar zombie is destroyed!
A starcursed mass splits.
There is a gateway leading out of the Abyss here.
A cacophony of accursed wailing tears at your sanity!
You suddenly lose the ability to move!
A starcursed mass splits.
You can move again.
You pass through the gate.
Welcome back to the Shoals!
The manticore flicks its tail.
The volley of spikes hits you!
The barbed spikes become lodged in your body.
The merfolk javelineer throws a javelin.
The javelin pierces through you!!
The javelin pierces through the plant!!
The plant begins to die.
The javelin pierces through the plant!!!
The plant begins to die.
The manticore flicks its tail.
The volley of spikes hits you!
The barbed spikes become lodged in your body.
The merfolk javelineer throws a javelin.
The javelin pierces through you!
The javelin pierces through the plant!!!
The javelin pierces through the plant! 😮 HP[-50]
You take 50 damage, and now have 70/120 hp.
MASSIVE DAMAGE!! (PAUSE)
As you read the scroll of teleportation {@r4}, it crumbles to dust.
You feel strangely unstable.
The merfolk siren chants a haunting song.
You resist.
The merfolk javelineer throws a javelin.
The javelin pierces through you!!
* * * LOW HITPOINT WARNING * * *
The javelin pierces through the plant!!
The javelin pierces through the plant!
A merfolk aquamancer comes into view.
It is wielding a +0 great mace. 😨 HP[-18] MP[+1]
You take 18 damage, and now have 52/120 hp.
Unknown command.
Unknown command.
Okay, then.
Space bends sharply around you!
The plant begins to die.
You blink.
A merfolk impaler comes into view. It is wielding a +0 trident.
The merfolk impaler misses you.
An alligator snapping turtle comes into view.
The merfolk impaler hits you from afar with a +2 demon trident of freezing!!
* * * LOW HITPOINT WARNING * * *
The merfolk impaler freezes you!
* * * LOW HITPOINT WARNING * * *
The merfolk javelineer throws a javelin.
The javelin pierces through you!!
You die...

Skill      XL: |  1  2  3  4  5  6  7  8  9 10 11 12 13 14 15 16 17 18 |
---------------+-------------------------------------------------------+-----
Invocations    | 2 3 4 5 6 7 8 10 | 10.7
Dodging        | 2 3 4 6 7 9 10 11 13 14 15 16 17 | 17.0
Polearms       | 3 4 5 6 7 9 10 12 13 14 | 14.0
Fighting       | 4 5 6 7 8 10 11 12 13 14 15 | 15.9
Conjurations   | 3 7 |  7.0
Air Magic      | 3 7 9 11 | 11.3
Necromancy     | 1 5 7 |  7.9
Evocations     | 1 5 6 8 |  8.0
Shields        | 4 5 7 8 |  8.3
Spellcasting   | 2 5 |  5.0
Armour         | |  2.6

Action                   |  1- 3 |  4- 6 |  7- 9 | 10-12 | 13-15 | 16-18 || total
-------------------------+-------+-------+-------+-------+-------+-------++-------
Melee: Spear             |    81 |   179 |   364 |   899 |    31 |       ||  1554
       Kick              |     5 |    29 |    93 |   287 |   407 |   187 ||  1008
       Peck              |       |    22 |    66 |   196 |   279 |   124 ||   687
       Unarmed           |       |       |       |    13 |       |       ||    13
       Quarterstaff      |       |       |       |       |   259 |       ||   259
       Demon trident     |       |       |       |       |   687 |   835 ||  1522
       Broad axe         |       |       |       |       |   275 |    88 ||   363
       Headbutt          |       |       |       |       |       |    74 ||    74
Throw: Stone             |       |     1 |       |       |       |       ||     1
 Cast: Airstrike         |       |       |       |       |       |    53 ||    53
       Static Discharge  |       |       |       |       |       |     6 ||     6
       Animate Dead      |       |       |       |       |       |     7 ||     7
Invok: Banish            |       |       |     3 |    15 |     2 |     1 ||    21
       Bend Space        |       |       |       |     3 |       |     5 ||     8
       Depart the Abyss  |       |       |       |     1 |       |     2 ||     3
       Brand Weapon With |       |       |       |       |     1 |       ||     1
       Enter the Abyss   |       |       |       |       |       |     1 ||     1
Evoke: Wand              |       |       |       |    13 |     3 |    30 ||    46
       Phantom mirror    |       |       |       |     1 |       |     2 ||     3
       Box of beasts     |       |       |       |       |       |     2 ||     2
       Lightning rod     |       |       |       |       |       |     2 ||     2
  Use: Potion            |     1 |       |     2 |     4 |     3 |    10 ||    20
       Scroll            |       |     8 |     5 |     8 |    13 |    17 ||    51
 Stab: Sleeping          |     2 |       |     2 |       |     2 |     4 ||    10
       Distracted        |       |     1 |       |       |     1 |     5 ||     7
       Petrified         |       |       |       |       |     8 |       ||     8
       Petrifying        |       |       |       |       |     1 |       ||     1
Armor: Skin              |    71 |       |       |     2 |       |       ||    73
       Leather armour    |    21 |    37 |    69 |    42 |       |       ||   169
       Troll leather arm |       |       |       |   114 |   316 |   215 ||   645
Dodge: Dodged            |    37 |    77 |   204 |   641 |  1479 |   736 ||  3174
Block: Buckler           |       |       |       |       |   101 |    38 ||   139
       Kite shield       |       |       |       |       |       |   363 ||   363

Levels and vault maps discovered:
D:1:      scummos_arrival_star, layout_rooms, shapermc_ecumenical_altar_gd,
          minmay_lizard_pond
D:2:      layout_loops_cross, serial_shops, nicolae_shop_waterfront,
          uniq_natasha
D:3:      layout_basic, old_standard_altar, uniq_ijyb, uniq_grinder
D:4:      layout_rooms, serial_shops, nicolae_shop_waterfront,
          nicolae_underground_beach
D:5:      layout_basic
D:6:      layout_loops_ring, cheibrodos_ashenzari_chains, serial_undead,
          serial_undead_b, serial_undead_e, serial_undead_d, serial_undead_a
D:7:      kennysheep_six_static_rooms, layout_loops_cross, temple_fountains,
          hangedman_abyss_or_decor_slice
D:8:      layout_cave_pools, grunt_temple_overflow_open, kennysheep_potato
D:9:      layout_rooms, erik_lair_island, uniq_psyche
D:10:     layout_rooms, uniq_erolcha, uniq_josephine, uniq_snorg
D:11:     layout_big_octagon
D:12:     layout_loops_corners, erik_orc_4, kennysheep_island_fort
D:13:     layout_irregular_city, gammafunk_ghost_wrathful_warriors,
          minmay_misc_feat_square, serial_bayou_pond_a, serial_bayou_lagoon_a,
          uniq_urug
D:14:     layout_roguey, skrybe_vaults_entry_preservation, uniq_nessos
D:15:     hangedman_depths_entry_civil_slaughter, layout_rooms, uniq_rupert,
          uniq_louise
Temple:   eino_wide_crystal_templ
Lair:1:   beast_lair_carwin_large_1, layout_regular_city, grunt_megastairs_2
Lair:2:   layout_cave_pods, lightli_volcano_entry_magma_tube,
          gammafunk_ghost_hydra_chop
Lair:3:   mu_elephants_graveyard, layout_chaotic_city,
          infiniplex_staircase_pool_2
Lair:4:   layout_roguey, minmay_shoals_entry_centaurs,
          guppyfry_snake_entry_island, special_room [special_room_bee],
          beast_lair_carwin_5
Lair:5:   layout_cave_pods, ebering_ghost_xom
Lair:6:   grunt_lair_end_beastmaster, layout_regular_city,
          minmay_slime_entry_jelly_boxes, infiniplex_staircase_pool
Shoals:1: layout_shoals, portal_ice_cave_entry_ice_simulacra, serial_shops,
          nicolae_shop_trees, nicolae_shoals_circle_sea_wall
Shoals:2: layout_shoals, uniq_polyphemus
Shoals:3: layout_shoals
Shoals:4: shoals_end_grunt_ice, layout_shoals, nicolae_shop_clearance
Snake:1:  layout_gridlike
Orc:1:    layout_caves
Orc:2:    grunt_orc_cross, layout_diamond_mine

Notes
Turn   | Place    | Note
-------+----------+-------------------------------------------
     0 | Abyss:1  | spiderkeys the Tengu Abyssal Knight began the quest for the
                  | Orb.
     0 | Abyss:1  | Reached XP level 1. HP: 14/14 MP: 3/3
     0 | Abyss:1  | magus.rc [v1.9.10]
     2 | Abyss:1  | Found a corrupted altar of Lugonu.
    79 | Abyss:1  | Found a corrupted altar of Lugonu.
    86 | Abyss:1  | Noticed a quasit
    90 | Abyss:1  | Found a corrupted altar of Lugonu.
   129 | Abyss:1  | HP: 5/21 [quasit (2)]
   137 | Abyss:1  | HP: 2/21 [quasit (1)]
   138 | Abyss:1  | Killed a quasit
   139 | Abyss:1  | Reached skill level 2 in Invocations
   139 | Abyss:1  | Reached XP level 2. HP: 4/19 MP: 4/4
   139 | Abyss:1  | Reached XP level 3. HP: 4/23 MP: 5/5
   409 | Abyss:1  | Noticed a tentacled starspawn
   411 | D:1      | You pass through the gate.
   411 | D:1      | Escaped the Abyss
   650 | D:1      | Reached ** piety under Lugonu
   659 | D:1      | Found a faded altar of an unknown god.
   726 | D:1      | Reached skill level 2 in Dodging
   731 | D:1      | Reached XP level 4. HP: 28/28 MP: 6/6
  1136 | D:2      | You pick up a book of Misfortune and begin reading...
  1136 | D:2      | You add the spells Slow, Confusing Touch and Yara's Violent
                  | Unravelling to your library.
  1165 | D:2      | You pick up a book of Party Tricks and begin reading...
  1165 | D:2      | You add the spells Apportation, Alistair's Intoxication and
                  | Invisibility to your library.
  1254 | D:2      | Reached skill level 3 in Polearms
  1377 | D:2      | Noticed Natasha
  1383 | D:2      | Killed Natasha
  1541 | D:2      | Reached *** piety under Lugonu
  1559 | D:2      | Found Xusosor's Assorted Antiques.
  1568 | D:2      | Bought a scroll labelled RUUWNIR ITIHA for 23 gold pieces
  1604 | D:2      | Gained mutation: Your magical nature lets you fly swiftly
                  | and evasively. [Tengu growth]
  1604 | D:2      | Reached XP level 5. HP: 30/33 MP: 7/7
  2216 | D:3      | Noticed Ijyb
  2244 | D:3      | Killed Ijyb
  2245 | D:3      | Reached skill level 4 in Fighting
  2245 | D:3      | Reached skill level 3 in Dodging
  2305 | D:3      | Reached XP level 6. HP: 37/38 MP: 9/9
  2423 | D:3      | Reached skill level 3 in Invocations
  2517 | D:3      | Found a sparkling altar of Nemelex Xobeh.
  2555 | D:3      | Noticed Grinder
  2568 | D:3      | Killed Grinder
  2569 | D:3      | Reached skill level 4 in Polearms
  2569 | D:3      | Reached XP level 7. HP: 43/44 MP: 10/10
  2915 | D:4      | Reached skill level 4 in Dodging
  3077 | D:4      | Reached **** piety under Lugonu
  3087 | D:4      | Reached skill level 5 in Fighting
  3136 | D:4      | Found Tiwac's Weapon Boutique.
  3487 | D:4      | Reached skill level 5 in Polearms
  3487 | D:4      | Reached skill level 4 in Invocations
  3498 | D:5      | Entered Level 5 of the Dungeon
  3659 | D:5      | HP: 4/44 [iguana (8)]
  3670 | D:5      | Reached XP level 8. HP: 26/49 MP: 12/12
  4003 | D:5      | Reached skill level 5 in Dodging
  4477 | D:6      | Reached skill level 6 in Fighting
  4477 | D:6      | Reached skill level 6 in Polearms
  4501 | D:6      | Reached skill level 5 in Invocations
  4646 | D:6      | Reached skill level 6 in Dodging
  4646 | D:6      | Reached XP level 9. HP: 27/55 MP: 13/13
  4830 | D:6      | Found a broken altar of Ashenzari.
  4844 | D:6      | Noticed a boulder beetle
  4855 | D:6      | Banished a boulder beetle
  4856 | D:6      | Reached skill level 7 in Polearms
  4927 | D:6      | Reached skill level 7 in Fighting
  5114 | D:6      | Reached skill level 7 in Dodging
  5124 | D:6      | Reached skill level 6 in Invocations
  5454 | D:7      | Found a staircase to the Ecumenical Temple.
  5477 | D:7      | Noticed a hornet
  5480 | D:7      | Banished a hornet
  5656 | D:7      | Noticed a cyan ugly thing
  5796 | Temple   | Entered the Ecumenical Temple
  5828 | D:8      | You pick up a book of Flames and begin reading...
  5828 | D:8      | You add the spells Foxfire, Conjure Flame, Inner Flame and
                  | Flame Wave to your library.
  6132 | D:8      | Reached XP level 10. HP: 63/63 MP: 15/15
  6213 | D:8      | You are sucked into a shaft and drop 2 floors!
  6213 | D:10     | Entered Level 10 of the Dungeon
  6213 | D:10     | Noticed Snorg
  6213 | D:10     | Noticed a two-headed ogre
  6217 | D:10     | Banished Snorg
  6218 | D:10     | Reached skill level 8 in Polearms
  6219 | D:10     | HP: 5/64 [acid dragon/splash of acid (33)]
  6236 | D:10     | Banished a two-headed ogre
  6237 | D:10     | Reached skill level 8 in Fighting
  6237 | D:10     | Reached skill level 8 in Dodging
  6244 | D:9      | Noticed a two-headed ogre
  6262 | D:9      | Killed a two-headed ogre
  6263 | D:9      | Reached skill level 7 in Invocations
  6536 | D:8      | Found a shimmering altar of Xom.
  6540 | D:8      | Found a burning altar of Makhleb.
  6541 | D:8      | Found a hazy altar of Hepliaklqana.
  6558 | D:8      | Found a snail-covered altar of Cheibriados.
  6559 | D:8      | Found a white marble altar of Elyvilon.
  6925 | D:9      | Noticed Psyche
  6931 | D:9      | Killed Psyche
  6935 | D:9      | Noticed a kobold demonologist
  6958 | D:9      | Killed a kobold demonologist
  6959 | D:9      | Reached skill level 9 in Polearms
  7040 | D:9      | Found a staircase to the Lair.
  7082 | D:9      | Reached skill level 9 in Dodging
  7130 | D:9      | Reached XP level 11. HP: 39/68 MP: 17/17
  7360 | D:9      | HP: 16/69 [troll (11)]
  7364 | D:9      | Reached skill level 9 in Fighting
  7874 | D:10     | Reached skill level 8 in Invocations
  7912 | D:10     | Reached ***** piety under Lugonu
  8034 | D:10     | Reached skill level 10 in Polearms
  8149 | D:10     | You pick up a book of Burglary and begin reading...
  8149 | D:10     | You add the spells Passwall and Swiftness to your library.
  8152 | D:10     | Noticed Erolcha
  8156 | D:10     | You are cast into the Abyss!
  8156 | D:10     | Cast into level 2 of the Abyss (Erolcha)
  8161 | Abyss:2  | Noticed a wretched star
  8187 | Abyss:2  | Killed a wretched star
  8188 | Abyss:2  | Reached skill level 10 in Dodging
  8243 | Abyss:2  | Noticed a large abomination
  8251 | Abyss:2  | Banished a large abomination
  8291 | Abyss:2  | Noticed a thrashing horror
  8312 | Abyss:2  | You add the spells Ozocubu's Armour and Ozocubu's
                  | Refrigeration to your library.
  8341 | Abyss:2  | Noticed a tentacled starspawn
  8382 | Abyss:2  | Noticed a lich
  8388 | D:10     | You pass through the gate.
  8388 | D:10     | Escaped the Abyss
  8395 | D:10     | Killed Erolcha
  8482 | D:10     | Noticed a two-headed ogre
  8496 | D:10     | Killed a two-headed ogre
  8497 | D:10     | Reached skill level 10 in Fighting
  8640 | D:10     | Paralysed by a hornet for 3 turns
  8644 | D:10     | HP: 13/64 [poisoned by a hornet]
  8649 | D:10     | HP: 16/64 [hornet (8)]
  8711 | D:10     | Noticed Josephine
  8723 | D:10     | Killed Josephine
  8724 | D:10     | Reached XP level 12. HP: 60/77 MP: 15/19
  8828 | D:11     | Reached skill level 9 in Invocations
  8936 | D:11     | Noticed a five-headed hydra
  8939 | D:11     | Banished a five-headed hydra
  8940 | D:11     | Reached skill level 11 in Polearms
  9093 | D:11     | You pick up a book of Beasts and begin reading...
  9093 | D:11     | You add the spells Summon Ice Beast, Summon Mana Viper and
                  | Monstrous Menagerie to your library.
  9142 | D:11     | Noticed a boulder beetle
  9155 | D:11     | Banished a boulder beetle
  9191 | D:11     | Noticed a boulder beetle
  9193 | D:11     | Noticed a two-headed ogre
  9194 | D:11     | Banished a boulder beetle
  9195 | D:11     | Reached skill level 11 in Dodging
  9207 | D:11     | Killed a two-headed ogre
  9425 | D:12     | Noticed an ice dragon
  9426 | D:12     | Noticed a death knight
  9433 | D:12     | Noticed a seven-headed hydra
  9434 | D:12     | Banished a seven-headed hydra
  9599 | D:12     | Reached skill level 11 in Fighting
  9813 | D:12     | Banished an ice dragon
  9870 | D:12     | Identified the +8 dagger of Wosil {vorpal, rC+ Str+3 Int+4}
  9924 | D:12     | Reached skill level 10 in Invocations
  9980 | D:12     | Reached skill level 12 in Polearms
 10091 | D:12     | Noticed a two-headed ogre
 10102 | D:12     | Killed a two-headed ogre
 10103 | D:12     | Reached XP level 13. HP: 84/84 MP: 21/21
 10116 | D:12     | Identified the +8 quarterstaff of the Ageing Bear {venom,
                  | rElec}
 10125 | D:12     | Identified the +3 leather armour "Ehoere" {rElec}
 10129 | D:12     | Found a staircase to the Orcish Mines.
 10267 | D:12     | Reached skill level 12 in Dodging
 10502 | D:12     | HP: 20/84 [mirror damage (3)]
 11062 | D:13     | Noticed Urug
 11094 | D:13     | Killed Urug
 11391 | D:13     | Reached skill level 12 in Fighting
 11417 | D:13     | You pick up a book of Scorching and begin reading...
 11417 | D:13     | You add the spells Scorch and Summon Cactus Giant to your
                  | library.
 11449 | D:13     | You pick up a book of Touch and begin reading...
 11449 | D:13     | You add the spells Static Discharge, Sticky Flame and
                  | Dispel Undead to your library.
 11453 | D:13     | Learned a level 2 spell: Static Discharge
 11505 | D:13     | Found a transporter.
 11507 | D:13     | Found a transporter.
 11518 | D:13     | Noticed porpoise's ghost (journeyman DECj)
 11521 | D:13     | Found a bloodstained altar of Trog.
 11691 | D:14     | Reached skill level 1 in Conjurations
 11691 | D:14     | Reached skill level 1 in Air Magic
 11738 | D:14     | HP: 21/86 [centaur warrior/arrow (22)]
 11777 | D:14     | Noticed Nessos
 11778 | D:14     | Banished Nessos
 11892 | D:14     | Reached skill level 2 in Conjurations
 11892 | D:14     | Reached skill level 2 in Air Magic
 11958 | D:14     | Noticed a rakshasa
 11972 | D:14     | Noticed an ironbound preserver
 12084 | D:14     | Reached skill level 13 in Polearms
 12120 | D:14     | Found a gate to the Vaults.
 12153 | D:14     | Reached skill level 3 in Conjurations
 12153 | D:14     | Reached skill level 3 in Air Magic
 12181 | D:14     | Killed a rakshasa
 12206 | D:14     | Killed an ironbound preserver
 12522 | D:15     | Entered Level 15 of the Dungeon
 12525 | D:15     | Noticed an ettin
 12703 | Lair:1   | Entered Level 1 of the Lair of Beasts
 12749 | Lair:1   | Reached skill level 13 in Dodging
 12749 | Lair:1   | Reached XP level 14. HP: 80/92 MP: 23/23
 12780 | Lair:1   | You pick up a book of Pain and begin reading...
 12780 | Lair:1   | You add the spells Pain, Agony and Excruciating Wounds to
                  | your library.
 12900 | Lair:1   | Reached skill level 4 in Conjurations
 12914 | Lair:1   | Reached skill level 4 in Air Magic
 13571 | Lair:2   | Found a dark tunnel.
 13580 | Volcano  | Entered a volcano
 13655 | Volcano  | Reached skill level 5 in Conjurations
 13702 | Volcano  | Reached skill level 5 in Air Magic
 14062 | Lair:2   | Found a runed translucent gate.
 14062 | Lair:2   | Found a runed translucent gate.
 14062 | Lair:2   | Found a runed translucent gate.
 14063 | Lair:2   | Noticed Leeroy's ghost (journeyman DrTm)
 14163 | Lair:2   | Killed Leeroy's ghost
 14265 | Lair:2   | Identified the +2 chain mail of Ivyunucy {rPois Dex+4}
 14470 | Lair:2   | Identified the +8 broad axe "Qushay" {freeze, rN+ Will++
                  | rCorr}
 14859 | Lair:3   | Reached skill level 6 in Conjurations
 14868 | Lair:3   | Reached skill level 6 in Air Magic
 15133 | Lair:3   | Reached skill level 13 in Fighting
 15218 | Lair:3   | Reached skill level 14 in Polearms
 15218 | Lair:3   | Reached skill level 7 in Conjurations
 15226 | Lair:3   | Learned a level 4 spell: Dispel Undead
 15259 | Lair:3   | Reached skill level 7 in Air Magic
 15272 | Lair:3   | Reached skill level 1 in Necromancy
 15272 | Lair:3   | Reached skill level 1 in Evocations
 15516 | Lair:3   | Noticed a dire elephant
 15540 | Lair:3   | Killed a dire elephant
 15581 | Lair:3   | Reached XP level 15. HP: 97/99 MP: 24/24
 15633 | Lair:3   | Reached skill level 2 in Necromancy
 15681 | Lair:4   | Found a staircase to the Snake Pit.
 15690 | Lair:4   | Reached ****** piety under Lugonu
 15692 | Lair:4   | Reached skill level 14 in Dodging
 15692 | Lair:4   | Reached skill level 1 in Shields
 15705 | Lair:4   | Identified a +6 demon trident of distortion (a +4 demon
                  | trident corrupted by Lugonu)
 15705 | Lair:4   | Received a gift from Lugonu
 15735 | Lair:4   | Reached skill level 2 in Evocations
 15771 | Lair:4   | Found a staircase to the Shoals.
 15850 | Lair:4   | Reached skill level 2 in Shields
 15850 | Lair:4   | Reached skill level 8 in Air Magic
 15944 | Lair:4   | Reached skill level 3 in Necromancy
 15976 | Lair:4   | You pick up a book of Air and begin reading...
 15976 | Lair:4   | You add the spells Shock and Airstrike to your library.
 15994 | Lair:4   | Learned a level 4 spell: Airstrike
 16017 | Lair:4   | Reached skill level 3 in Evocations
 16585 | Lair:5   | Found a runed translucent door.
 16585 | Lair:5   | Found a shimmering altar of Xom.
 16585 | Lair:5   | Noticed petzl's ghost (journeyman OpAM)
 16964 | Lair:5   | Reached skill level 3 in Shields
 17344 | Lair:5   | Reached skill level 4 in Necromancy
 17367 | Lair:5   | Killed petzl's ghost
 17370 | Lair:5   | Identified the ring "Puagiakh" {+Blink rF++ Will- AC+4
                  | Stlth+}
 17394 | Lair:6   | Entered Level 6 of the Lair of Beasts
 17457 | Lair:6   | Reached skill level 4 in Evocations
 17488 | Lair:6   | Reached skill level 9 in Air Magic
 17527 | Lair:6   | Found a staircase to the Slime Pits.
 17811 | Lair:6   | Reached skill level 4 in Shields
 17900 | Lair:6   | Reached skill level 5 in Necromancy
 18136 | Lair:6   | You pick up a book of Unlife and begin reading...
 18136 | Lair:6   | You add the spells Animate Dead, Borgnjor's Vile Clutch and
                  | Death Channel to your library.
 18272 | Lair:6   | Reached skill level 5 in Evocations
 18278 | Lair:6   | Reached XP level 16. HP: 105/105 MP: 25/25
 18301 | Lair:6   | Reached skill level 14 in Fighting
 18342 | Lair:6   | You pick up a book of the Tundra and begin reading...
 18342 | Lair:6   | You add the spells Hailstorm, Ice Form and Simulacrum to
                  | your library.
 18717 | Orc:1    | Entered Level 1 of the Orcish Mines
 18954 | Orc:2    | Entered Level 2 of the Orcish Mines
 19147 | Orc:2    | Noticed Nergalle
 19150 | Orc:2    | Reached skill level 15 in Dodging
 19150 | Orc:2    | Reached skill level 10 in Air Magic
 19155 | Orc:2    | HP: 11/106 [orc knight (27)]
 19415 | Orc:2    | Killed Nergalle
 19416 | Orc:2    | Reached skill level 6 in Necromancy
 19514 | Orc:2    | Found Xeofes's Antique Weapon Emporium.
 19523 | Orc:2    | Found Suluosua's Antique Armour Emporium.
 19565 | Orc:2    | Found Esisk's General Store.
 19695 | Orc:2    | Found Syses's Book Emporium.
 19961 | Orc:2    | Found a staircase to the Elven Halls.
 20211 | Orc:2    | Bought a shimmering robe for 182 gold pieces
 20211 | Orc:2    | Identified the +1 robe of Foolhardiness {rPois Str-5 Dex-4
                  | Stlth+} (You bought it in a shop on level 2 of the Orcish
                  | Mines)
 20211 | Orc:2    | Bought a buzzing ring mail for 288 gold pieces
 20211 | Orc:2    | Identified the +0 ring mail of Veromn {rCorr SInv} (You
                  | bought it in a shop on level 2 of the Orcish Mines)
 20211 | Orc:2    | Bought a pair of runed gloves for 240 gold pieces
 20808 | D:15     | Reached skill level 7 in Necromancy
 20829 | D:15     | Identified the +1 crystal plate armour of the Old World
                  | {rPois rF+++ Will- Str-5}
 20829 | D:15     | Noticed Rupert
 20830 | D:15     | Banished Rupert
 20839 | D:15     | Noticed Louise
 20849 | D:15     | Reached skill level 11 in Air Magic
 20856 | D:15     | You are cast into the Abyss!
 20856 | D:15     | Cast into level 3 of the Abyss (Louise)
 21240 | Abyss:3  | Noticed a tengu reaver
 21251 | D:15     | You pass through the gate.
 21251 | D:15     | Escaped the Abyss
 21338 | D:15     | You are cast into the Abyss!
 21338 | D:15     | Cast into level 3 of the Abyss (Louise)
 21363 | Abyss:3  | Gained mutation: Potions are less effective at restoring
                  | your health. [a shining eye]
 21366 | Abyss:3  | Lost mutation: Potions are less effective at restoring your
                  | health. [potion of mutation]
 21366 | Abyss:3  | Gained mutation: You do not regenerate when monsters are
                  | visible. [potion of mutation]
 21367 | Abyss:3  | Gained mutation: Your muscles are strong. (Str +2) [potion
                  | of mutation]
 21368 | Abyss:3  | Lost mutation: You do not regenerate when monsters are
                  | visible. [potion of mutation]
 21368 | Abyss:3  | Gained mutation: You have a pair of small horns on your
                  | head. [potion of mutation]
 21368 | Abyss:3  | Gained mutation: Your natural rate of healing is unusually
                  | fast. [potion of mutation]
 21385 | Abyss:3  | Gained mutation: Armour fits poorly on your strangely
                  | shaped body. [a shining eye]
 21387 | Abyss:3  | Identified the +3 leather armour of Asoggokh {Int+2 Dex+3}
 21388 | D:15     | You pass through the gate.
 21388 | D:15     | Escaped the Abyss
 21417 | D:15     | Banished Louise
 21430 | D:15     | Found a staircase to the Depths.
 21860 | Snake:1  | Entered Level 1 of the Snake Pit
 22002 | Shoals:1 | Entered Level 1 of the Shoals
 22031 | Shoals:1 | Found Biggigex's Book Shop.
 22075 | Shoals:1 | Reached skill level 5 in Shields
 22083 | Shoals:1 | Reached skill level 1 in Spellcasting
 22176 | Shoals:1 | HP: 17/107 [alligator snapping turtle (29)]
 22255 | Shoals:1 | Found a frozen archway.
 22258 | Shoals:1 | HP: 23/107 [merfolk javelineer/javelin (12)]
 22267 | IceCv    | Entered an ice cave
 22370 | IceCv    | Reached skill level 2 in Spellcasting
 22472 | IceCv    | Got Dyeduich's Papyrus of Ice
 22473 | IceCv    | Identified the +5 ice dragon scales of Zeduocac {Rampage
                  | rF- rC++ Str-3 Int+5}
 22518 | IceCv    | Reached skill level 6 in Evocations
 22563 | IceCv    | Noticed an azure jelly
 22628 | IceCv    | Reached XP level 17. HP: 112/112 MP: 26/26
 22845 | IceCv    | Found a viscous altar of Jiyva.
 22909 | IceCv    | Reached skill level 15 in Fighting
 22909 | IceCv    | Reached skill level 6 in Shields
 22917 | IceCv    | Got the ring "Subutire" {Drain rC+ rCorr Str+2}
 22921 | IceCv    | Identified the ring "Jiciott" {Will+ MP+9}
 22926 | IceCv    | Identified the ring of Nairich {Wiz Int+10 Dex-5}
 23006 | Shoals:1 | Reached skill level 16 in Dodging
 23006 | Shoals:1 | Reached skill level 3 in Spellcasting
 23090 | Shoals:1 | You add the spells Blink, Manifold Assault and Storm Form
                  | to your library.
 24101 | Shoals:1 | HP: 27/113 [merfolk/boomerang (7)]
 24104 | Shoals:1 | Reached skill level 7 in Evocations
 24106 | Shoals:1 | HP: 24/113 [poisoned by a merfolk]
 24281 | Shoals:2 | Noticed Polyphemus
 24285 | Shoals:2 | HP: 19/113 [Polyphemus/large rock (28)]
 24298 | Shoals:2 | Reached skill level 4 in Spellcasting
 24486 | Shoals:2 | Killed Polyphemus
 24721 | Shoals:2 | Identified the +3 ring mail of the Ethereal Lobster {Int+3}
 25058 | Shoals:2 | Reached skill level 7 in Shields
 26568 | Shoals:4 | Entered Level 4 of the Shoals
 26574 | Shoals:4 | Reached skill level 5 in Spellcasting
 26580 | Shoals:4 | Reached skill level 8 in Evocations
 26635 | Shoals:4 | HP: 26/113 [faun/sling bullet[a satyr] (11)]
 26734 | Shoals:4 | Reached XP level 18. HP: 120/120 MP: 27/27
 26749 | Shoals:4 | Learned a level 4 spell: Animate Dead
 26818 | Shoals:4 | Reached skill level 8 in Shields
 26881 | Shoals:4 | You add the spells Stone Arrow, Olgreb's Toxic Radiance and
                  | Animate Armour to your library.
 26881 | Shoals:4 | Got the Guide on Toxic Earth
 26932 | Shoals:4 | HP: 29/120 [merfolk javelineer/javelin (9)]
 26932 | Shoals:4 | HP: 6/120 [merfolk impaler (23)]
 26932 | Shoals:4 | HP: 1/120 [merfolk impaler (5)]
 26940 | Abyss:1  | Noticed a hellephant
 26953 | Abyss:1  | Killed a hellephant
 26969 | Abyss:1  | Reached skill level 17 in Dodging
 26983 | Abyss:1  | Paralysed by accursed screaming for 2 turns
 26985 | Shoals:4 | You pass through the gate.
 26985 | Shoals:4 | Escaped the Abyss
 26987 | Shoals:4 | HP: 26/120 [merfolk impaler (27)]
 26987 | Shoals:4 | Hit by a javelin thrown by a merfolk javelineer

Vanquished Creatures
  Polyphemus (Shoals:2)
  2 azure jellies (IceCv)
  An ironbound preserver (D:14)
  4 quicksilver oozes (IceCv)
  A dire elephant (Lair:3)
  The ghost of petzl the Destroyer, a journeyman OpAM of Vehumet (Lair:5)
  A merfolk javelineer (Shoals:1)
  2 ettins
  The ghost of Leeroy the Fighter, a journeyman DrTm of Wu Jian (Lair:2)
  Josephine (D:10)
  5 merfolk impalers
  10 hydras
  A rakshasa (D:14)
  2 merfolk avatars
  An alligator snapping turtle (Shoals:1)
  A centaur warrior (D:14)
  3 catoblepae
  Erolcha (D:10)
  4 satyrs
  A death knight (D:12)
  2 merfolk aquamancers
  A dancing weapon (Lair:5)
  9 death yaks
  A deep troll shaman (Lair:6)
  6 two-headed ogres
  Urug (D:13)
  2 tengu warriors (D:15)
  Nergalle (Orc:2)
  2 naga sharpshooters (Snake:1)
  A hell knight (D:15)
  An orc high priest (Orc:2)
  A fire crab (Volcano)
  2 wretched stars
  3 skeletal warriors (D:12)
  A deep troll (D:15)
  6 sea snakes
  2 orange crystal statues (IceCv)
  A lindwurm (Volcano)
  14 harpies
  2 wizards (D:15)
  A necromancer (D:15)
  2 orc knights (Orc:2)
  3 deep elf pyromancers
  3 orc sorcerers (Orc:2)
  5 cyclopes
  A shining eye (Abyss:3)
  3 ugly things
  9 manticores
  15 fauns
  44 elephants
  A worldbinder (Abyss:3)
  6 merfolk sirens
  3 black mambas
  3 gargoyles
  2 large abominations (Abyss:3)
  6 water nymphs
  15 cane toads
  3 rime drakes
  3 kobold demonologists
  An efreet (D:14)
  8 yaktaurs (D:15)
  12 komodo dragons
  2 unseen horrors
  Psyche (D:9)
  4 entropy weaver simulacra
  2 very ugly thing simulacra (IceCv)
  19 merfolk
  7 trolls
  5 polar bears
  3 meliai (Lair:4)
  A hornet (D:10)
  Grinder (D:3)
  A meliai (shapeshifter) (D:14)
  25 blink frogs
  3 wind drakes
  15 slime creatures
  5 snapping turtles
  A raiju (Abyss:3)
  6 dream sheep
  A centaur simulacrum (D:15)
  2 spriggan simulacra (Shoals:1)
  A ynoxinul (Abyss:3)
  4 water elementals
  A shadow (D:13)
  6 wraiths
  2 wyverns (Lair:4)
  A vampire (D:12)
  A spriggan (Lair:3)
  33 yaks
  4 fire bats (Volcano)
  A human (D:12)
  A small abomination (Abyss:3)
  A fire elemental (D:12)
  2 steam dragons (Volcano)
  5 basilisks
  12 vampire mosquitoes
  4 wargs
  4 nagas
  6 demonic crawler simulacra (IceCv)
  2 acid dragons
  13 water moccasins
  4 hornet zombies
  2 sky beasts
  2 hell hounds (Volcano)
  18 orc warriors
  3 ugly thing simulacra (IceCv)
  10 black bears
  A necrophage (D:5)
  An alligator simulacrum (Shoals:1)
  8 wolves
  3 ogres
  13 centaurs
  A phantom (D:4)
  A kobold brigand (D:10)
  A gnoll sergeant (D:10)
  13 bullfrogs
  2 scorpions
  A water moccasin zombie (D:6)
  20 killer bees
  A lindwurm simulacrum (Shoals:1)
  3 howler monkeys (D:8)
  2 electric eels
  5 wights (D:9)
  5 lava snakes
  4 bullfrog zombies (D:6)
  4 centaur zombies
  14 jellies
  A quasit (Abyss:1)
  9 hounds
  19 orc priests
  2 iron imps (Abyss:3)
  16 orc wizards
  Ijyb (D:3)
  Natasha (D:2)
  A scorpion zombie (D:5)
  4 iguanas
  4 hell rats (Lair:5)
  2 howler monkey zombies
  8 gnolls
  9 adders
  A shadow imp (D:5)
  4 white imps
  3 ufetubi
  An adder skeleton (D:4)
  A worm (D:2)
  66 orcs
  8 bats
  5 endoplasms
  6 giant cockroaches
  9 hobgoblins
  8 jackals
  13 kobolds
  2 quokkas (D:1)
  7 ball pythons
  8 frilled lizards
  11 goblins
  8 rats
  A bush (Lair:4)
841 creatures vanquished.

Vanquished Creatures (collateral kills)
  A hellephant (Abyss:1)
  An ettin (Abyss:1)
  A merfolk avatar (Abyss:1)
  A centaur warrior (D:13)
  A satyr (Shoals:4)
  A two-headed ogre (D:13)
  A titan skeleton (Abyss:1)
  2 sea snakes (Shoals:4)
  An orc knight (Orc:2)
  A merfolk siren (Abyss:1)
  A snapping turtle (Shoals:2)
  An orc warrior (Orc:2)
  A centaur (D:13)
  An orc (Orc:2)
15 creatures vanquished.

Vanquished Creatures (others)
  A deep elf pyromancer (D:12)
  2 anaconda simulacra (Shoals:1)
  A water elemental (Shoals:4)
  A harpy simulacrum (Shoals:1)
  A demonic plant (D:1)
  87 fungi
  181 plants
  4 starspawn tentacles (Abyss:2)
  3 withered plants (D:6)
281 creatures vanquished.

Grand Total: 1137 creatures vanquished

Table legend:
 A = Non-vault XP
 B = Vault XP
 C = Vault XP percentage of total XP
 D = Non-vault monster count
 E = Vault monster count
 F = Vault count percentage of total count
                 A         B        C        D         E       F
            +---------+---------+-------+---------+---------+-------
      Total |  162758 |   94799 |  36.8 |     629 |     276 |  30.5
            +---------+---------+-------+---------+---------+-------
        D:1 |      67 |       5 |   6.9 |      33 |       5 |  13.2
        D:2 |      86 |      36 |  29.5 |      20 |       1 |   4.8
        D:3 |     151 |     331 |  68.7 |      24 |       2 |   7.7
        D:4 |     399 |       0 |   0.0 |      18 |       0 |   0.0
        D:5 |     615 |       0 |   0.0 |      14 |       0 |   0.0
        D:6 |    1574 |     578 |  26.9 |      22 |       9 |  29.0
        D:7 |     478 |       0 |   0.0 |       3 |       0 |   0.0
        D:8 |     561 |     136 |  19.5 |      17 |       1 |   5.6
        D:9 |    3017 |    1119 |  27.1 |      27 |       9 |  25.0
       D:10 |    4876 |    3533 |  42.0 |      38 |       7 |  15.6
       D:11 |    5864 |       0 |   0.0 |      14 |       0 |   0.0
       D:12 |    9815 |    2660 |  21.3 |      21 |      17 |  44.7
       D:13 |    7413 |     800 |   9.7 |      24 |       1 |   4.0
       D:14 |    2237 |    6070 |  73.1 |       7 |      10 |  58.8
       D:15 |    7934 |    7395 |  48.2 |      19 |       8 |  29.6
     Lair:1 |    2802 |    2250 |  44.5 |       6 |      12 |  66.7
     Lair:2 |    6074 |    1766 |  22.5 |      21 |       2 |   8.7
     Lair:3 |    7162 |   10258 |  58.9 |      26 |      21 |  44.7
     Lair:4 |   10426 |    5951 |  36.3 |      33 |      36 |  52.2
     Lair:5 |    2066 |    1782 |  46.3 |      14 |       2 |  12.5
     Lair:6 |   15690 |    9949 |  38.8 |      41 |      32 |  43.8
   Shoals:1 |   19903 |    1518 |   7.1 |      38 |       7 |  15.6
   Shoals:2 |   14034 |    3881 |  21.7 |      30 |       4 |  11.8
   Shoals:3 |   13862 |       0 |   0.0 |      31 |       0 |   0.0
   Shoals:4 |    9473 |    5537 |  36.9 |      20 |       8 |  28.6
    Snake:1 |    1898 |       0 |   0.0 |       4 |       0 |   0.0
      Orc:1 |    1167 |       0 |   0.0 |      29 |       0 |   0.0
      Orc:2 |    2875 |    8309 |  74.3 |      13 |      36 |  73.5
    Abyss:1 |    4580 |    1440 |  23.9 |       6 |       3 |  33.3
    Abyss:2 |    1551 |       0 |   0.0 |       2 |       0 |   0.0
    Abyss:3 |    3337 |    1043 |  23.8 |      12 |       2 |  14.3
      IceCv |     771 |   15620 |  95.3 |       2 |      31 |  93.9
    Volcano |       0 |    2832 | 100.0 |       0 |      10 | 100.0
            +---------+---------+-------+---------+---------+-------

Illustrated notes

Table legend:
 A = Kills in this place as a percentage of kills in entire the game.
 B = Kills by you in this place as a percentage of kills by you in the entire game.
 C = Kills by friends in this place as a percentage of kills by friends in the entire game.
 D = Other kills in this place as a percentage of other kills in the entire game.
 E = Experience gained in this place as a percentage of experience gained in the entire game.
 F = Experience gained in this place divided by the number of levels of this place that you have seen.
                   A       B       C       D       E      F
               +-------+-------+-------+-------+-------+----------------------
         Total | 100.0 | 100.0 | 100.0 | 100.0 | 100.0 | 7154.4
       Dungeon |  41.0 |  41.9 |  20.0 |  32.0 |  26.3 | 4516.7
          Lair |  27.2 |  28.1 |   0.0 |  20.0 |  29.6 | 12696.0
        Shoals |  15.2 |  14.0 |  26.7 |  32.0 |  26.5 | 17052.0
     Snake Pit |   0.4 |   0.5 |   0.0 |   0.0 |   0.7 | 1898.0
  Orcish Mines |   8.6 |   8.6 |  20.0 |   6.0 |   4.8 | 6175.5
         Abyss |   2.8 |   2.1 |  33.3 |   4.0 |   4.6 | 2390.2
      Ice Cave |   3.6 |   3.6 |   0.0 |   6.0 |   6.4 | 16391.0
       Volcano |   1.1 |   1.2 |   0.0 |   0.0 |   1.1 | 2832.0
               +-------+-------+-------+-------+-------+----------------------

Table legend: (Time is in decaauts)
 A = Elapsed time spent in this place.
 B = Non-inter-level travel time spent in this place.
 C = Inter-level travel time spent in this place.
 D = Time resting spent in this place.
 E = Time spent auto-exploring this place.
 F = Levels seen in this place.
 G = Mean time per level.
                   A        B        C        D        E       F      G
               +--------+--------+--------+--------+--------+-----+--------+
         Total |  24479 |  22986 |   1493 |   1709 |  14419 |  36 |  680.0 |
       Dungeon |  12032 |  11077 |    955 |   1124 |   7078 |  15 |  802.1 |
        Temple |      1 |      1 |      0 |      0 |      0 |   1 |    1.0 |
          Lair |   5156 |   4861 |    295 |      0 |   3569 |   6 |  859.3 |
        Shoals |   3862 |   3762 |    100 |    361 |   2195 |   4 |  965.5 |
     Snake Pit |    103 |     86 |     17 |     11 |     42 |   1 |  103.0 |
  Orcish Mines |   1406 |   1282 |    124 |     35 |    897 |   2 |  703.0 |
         Abyss |   1070 |   1070 |      0 |     65 |    376 |   5 |  214.0 |
      Ice Cave |    674 |    674 |      0 |    111 |    246 |   1 |  674.0 |
       Volcano |    170 |    170 |      0 |      0 |     14 |   1 |  170.0 |
               +--------+--------+--------+--------+--------+-----+--------+

Top non-repeatable levels by time:
    D:12: 1441 daAuts
Shoals:2: 1350 daAuts
Shoals:1: 1283 daAuts
    D:14: 1045 daAuts
  Lair:2: 1041 daAuts
   Orc:2: 1026 daAuts
Shoals:3: 988 daAuts
     D:8: 986 daAuts
  Lair:6: 938 daAuts
     D:1: 919 daAuts
     D:5: 905 daAuts
     D:6: 897 daAuts
  Lair:4: 841 daAuts
     D:2: 827 daAuts
  Lair:3: 823 daAuts
